 Dungeon Crawl Stone Soup version bcrawl-1.40.3b (webtiles) character file.

Game seed: 6163336360516575815

471815 Wachungys the Tainter (level 12, -17/157 HPs)
             Began as a Naga Venom Mage on Feb 27, 2024.
             Was a High Priest of Vehumet.
             Demolished by Frances
             ... wielding a +5 great mace of protection
              (26 damage)
             ... on level 11 of the Dungeon.
             The game lasted 01:00:54 (10683 turns).

Wachungys the Tainter (Naga Venom Mage)            Turns: 10683, Time: 01:00:55

Health: -17/157    AC: 13    Str: 16    XL:     12   Next: 63%
Magic:  5/35       EV: 18    Int: 20    God:    Vehumet [*****.]
Gold:   919        SH:  0    Dex: 23    Spells: 8/31 levels left

rFire    . . .     GDR:     33% Q - +11 dagger of the Warrior-Mage {speed, *Rage rPois Dex+6}
rCold    . . .     SeeInvis +   (no shield)
rNeg     . . .     Gourm    .   K - +0 troll leather armour
rPois    +         Faith    .   F - +4 helmet of Nuedovurch {rCorr MP+9 Slay+2 Stlth+}
rElec    .         Spirit   .   I - +0 cloak {rPois}
rCorr    +         Reflect  .   h - +0 pair of gloves
MR       +....     Rnd*Rage +   (no barding)
Stlth    ..........             (no amulet)
HPRegen  0.76/turn              r - +5 ring of dexterity
MPRegen  0.24/turn              v - +6 ring of evasion

@: berserking (expiring), hasted, quick
A: large, tail, swims, see invisible, deformed body, poison resistance, slowness
2, slow metabolism 1, spit poison 1, AC +4
a: Spit Poison, Renounce Religion


You were on level 11 of the Dungeon.
You worshipped Vehumet.
Vehumet was extremely pleased with you.
You were very hungry.

You visited 2 branches of the dungeon, and saw 12 of its levels.

You collected 1091 gold pieces.
You spent 172 gold pieces at shops.

Inventory:

Hand Weapons
 x - a +3 dagger of speed
 Q - the +11 dagger of the Warrior-Mage (weapon) {speed, *Rage rPois Dex+6}
   (You took it off a kobold on level 10 of the Dungeon)

   Attacks with this weapon are significantly faster.
   It affects your dexterity (+6).
   It protects you from poison.
   It may make you go berserk in combat.
Missiles
 s - 642 poisoned tomahawks (quivered)
Armour
 a - a +0 robe
 h - a +0 pair of gloves (worn)
 F - the +4 helmet of Nuedovurch (worn) {rCorr MP+9 Slay+2 Stlth+}
   (You found it on level 6 of the Dungeon)

   It affects your accuracy and damage with ranged weapons and melee attacks
   (+2).
   It affects your magic capacity (+9).
   It provides partial protection from all sources of acid and corrosion.
   It makes you more stealthy.
 I - a +0 cloak of poison resistance (worn)
 K - a +0 troll leather armour (worn)
 R - a +0 robe
Jewellery
 l - an uncursed amulet of faith {unknown}
 r - a +5 ring of dexterity (left hand)
 v - a +6 ring of evasion (right hand)
 E - an uncursed amulet of faith {unknown}
 H - an uncursed ring of protection from cold
 N - an uncursed ring of see invisible {unknown}
 S - a cursed amulet of inaccuracy {unknown}
 T - an uncursed ring of see invisible {unknown}
Wands
 o - a wand of digging (10)
 y - a wand of paralysis (22)
 z - a wand of disintegration (11)
 A - a wand of acid (14)
 J - a wand of flame (10)
Scrolls
 b - 2 scrolls of noise {unknown}
 c - a scroll of immolation {unknown}
 f - 3 scrolls of amnesia {unknown}
 i - 15 scrolls of identify
 j - 2 scrolls of fear {unknown}
 t - 2 scrolls of teleportation {unknown}
 u - 3 scrolls of enchant armour {unknown}
 w - a scroll of silence {unknown}
 D - 4 scrolls of revelation
 G - a scroll of summoning {unknown}
 L - 5 scrolls of remove curse {unknown}
 O - 2 scrolls of blinking
Potions
 d - a potion of degeneration
 g - 2 potions of brilliance {unknown}
 k - 2 potions of curing
 m - 5 potions of flight
 n - 2 potions of might {unknown}
 p - 3 potions of haste
 q - 2 potions of agility {unknown}
 B - a potion of cancellation {unknown}
 C - a potion of resistance {unknown}
 M - a potion of ambrosia {unknown}
 P - a potion of lignification {unknown}
Comestibles
 e - 19 rations {!d}


   Skills:
 - Level 6.0 Fighting
 - Level 3.0 Dodging
 - Level 3.2 Stealth
 - Level 10.0 Spellcasting
 - Level 10.0 Conjurations
 + Level 7.9 Hexes
 - Level 2.0 Fire Magic
 - Level 2.0 Air Magic
 - Level 13.0 Poison Magic


You had 8 spell levels left.
You knew the following spells:

 Your Spells              Type           Power        Failure   Level  Hunger
a - Sting                 Conj/Pois      ####         1%          1    None
b - Poisonous Vapours     Pois/Air       #####.       1%          2    None
c - Flame Tongue          Conj/Fire      ####.        1%          1    None
d - Ignite Poison         Fire/Tmut/Pois ####....     1%          3    None
e - Venom Bolt            Conj/Pois      ######....   1%          5    ####...
f - Searing Ray           Conj           ######..     1%          2    None
g - Mephitic Cloud        Conj/Pois/Air  #####...     1%          3    None
h - Olgreb's Toxic Radia  Pois           ######...    1%          4    #......
i - Ensorcelled Hibernat  Hex/Ice        ####..       2%          2    None

Your spell library contained the following spells:

 Spells                   Type           Power        Failure   Level  Hunger
 Fulminant Prism          Conj/Hex       #####.....   1%          4    #......
 Throw Frost              Conj/Ice       ####..       1%          2    None
 Freeze                   Ice            ##....       2%          1    None
 Throw Icicle             Conj/Ice       ####....     3%          4    #......
 Summon Scorpions         Summ/Pois      #####...     6%          4    #......
 Ozocubu's Armour         Chrm/Ice       ##......     26%         3    None
 Darkness                 Hex            #####.....   45%         6    #####..
 Infestation              Hex/Tmut/Pois  #####....    58%         6    #####..
 Ice Form                 Ice/Tmut       ##......     63%         4    #......
 Summon Ice Beast         Ice/Summ       ##......     63%         4    #......
 Borgnjor's Vile Clutch   Necr/Erth      ##........   100%        6    #####..
 Shadow Creatures         Summ           N/A          100%        7    ######.
 Time Stop                Chrm/Tloc      N/A          100%        8    #######


Dungeon Overview and Level Annotations

Branches:
Dungeon (11/12)            Temple (1/1) D:6            Lair (0/6) D:7
    Orc (0/1) D:8          Vaults (0/3) D:11

Altars:
Ashenzari
Cheibriados
Dithmenos
Elyvilon
Fedhas
Gozag
Hepliaklqana
Kikubaaqudgha
Lugonu
Makhleb
Nemelex Xobeh
Okawaru
Qazlal
Ru
Sif Muna
Trog
Uskayaw
Vehumet
Wu Jian
Xom
Yredelemnul
Zin
The Shining One

Shops:
D:8 (   D:10 ?   D:11 (

Portals:
Trove: D:9 (give +3 ice dragon scales)

Annotations:
D:6 exclusion: 2 downstairs
D:11 2 transporters, Frances; tronn's ghost, journeyman OpAc


Innate Abilities, Weirdness & Mutations

You cannot wear boots.
You can swim through water.
Your serpentine skin is tough. (AC +4)
You have supernaturally acute eyesight. (SInv)
Armour fits poorly on your strangely shaped body.
Your system is resistant to poisons. (rPois)
You cover ground very slowly.
You have a slow metabolism.
You can spit poison.


Message History

Frances is severely wounded.
The smoke demon gestures at you. Something smites you!
* * * LOW HITPOINT WARNING * * *
Your troll leather armour prevents you from hitting Frances.
Frances is severely wounded.
You hit Frances but do no damage.
Frances is severely wounded.
Frances hits you with a +5 great mace of protection!
* * * LOW HITPOINT WARNING * * *
You hit Frances but do no damage.
Frances is severely wounded.
You closely miss Frances.
Frances is severely wounded.
You puncture Frances!
Frances is severely wounded.
You hit Frances but do no damage.
Frances is severely wounded.
Frances hits you with a +5 great mace of protection!!
You die...

#.# #.# # #.# #.# # #.#
#####.###### #.#######
##........... #@[......
.....##.###### #..#
#####..##.# #..#
.......##.#
#..#####.#####.##.#
#########...43@@.##.......#
.........#.########.......#
########.....######.......#
###.#.....[....>...#
#.########.......#
#................#
##########.......#
#########


You could see Frances, an orange demon and a smoke demon.

Vanquished Creatures
  Psyche (D:8)
  2 tengu warriors
  A two-headed ogre (D:11)
  Nergalle (D:10)
  A centaur warrior (D:9)
  A necromancer (D:11)
  A wizard (D:11)
  Pikel (D:5)
  2 ugly things (D:10)
  2 slime creatures (D:10)
  An elephant (D:6)
  A kobold demonologist (D:10)
  An efreet (D:9)
  A dryad (D:7)
  A tengu conjurer (D:11)
  A guardian mummy (D:9)
  Maurice (D:8)
  5 trolls
  A polar bear (shapeshifter) (D:10)
  Grinder (D:5)
  4 hippogriffs
  Sigmund (D:2)
  A meliai zombie (D:9)
  15 yaks
  Eustachio (D:5)
  An acid dragon (D:11)
  Duvessa (D:6)
  Edmund (D:6)
  2 ice beasts
  3 soldier ants (D:8)
  A black bear (D:4)
  10 orc warriors
  6 ogres
  4 sky beasts
  A necrophage (D:10)
  A phantom (D:11)
  6 bullfrogs
  2 kobold brigands (D:10)
  3 centaurs
  A scorpion (D:10)
  8 killer bees (D:8)
  11 wights
  A statue (D:7)
  2 howler monkeys (D:10)
  4 orc priests
  2 bullfrog zombies
  7 crimson imps
  A quasit (D:9)
  3 hounds
  A jelly (D:9)
  5 iguanas
  3 orc wizards
  12 worker ants
  A porcupine skeleton (D:10)
  A hound skeleton (D:4)
  Robin (D:4)
  8 adders
  A shadow imp (D:4)
  2 oozes (D:1)
  3 adder skeletons
  6 worms
  3 dart slugs
  3 leopard geckos
  47 orcs
  6 bats
  4 giant cockroaches
  15 goblins
  13 hobgoblins
  16 jackals
  7 quokkas
  A ball python (D:1)
  4 frilled lizards
  2 goblin skeletons (D:9)
  A goblin zombie (D:9)
  2 hobgoblin zombies (D:9)
  20 kobolds
  A kobold skeleton (D:9)
  2 orc skeletons (D:9)
  An orc zombie (D:9)
  9 rats
332 creatures vanquished.

Vanquished Creatures (others)
  3 slaves (D:5)
  A hound (D:5)
  An adder (D:5)
  A leopard gecko (D:5)
  2 orcs (D:5)
  A jackal (D:5)
9 creatures vanquished.

Grand Total: 341 creatures vanquished

Notes
Turn   | Place    | Note
-------+----------+-------------------------------------------
     0 | D:1      | Wachungys the Naga Venom Mage began the quest for the Orb.
     0 | D:1      | Reached XP level 1. HP: 15/15 MP: 3/3
   130 | D:1      | Reached XP level 2. HP: 20/22 MP: 0/5
   420 | D:1      | Reached skill level 1 in Fighting
   420 | D:1      | Reached XP level 3. HP: 31/31 MP: 7/7
   423 | D:1      | Learned a level 2 spell: Poisonous Vapours
   883 | D:1      | Reached skill level 1 in Air Magic
  1170 | D:2      | Reached XP level 4. HP: 36/38 MP: 1/8
  1395 | D:2      | Found a shattered altar of Ashenzari.
  1593 | D:2      | Noticed Sigmund
  1599 | D:2      | Killed Sigmund
  1600 | D:2      | Reached XP level 5. HP: 35/51 MP: 0/9
  1600 | D:2      | Reached XP level 6. HP: 40/58 MP: 0/10
  2090 | D:3      | Found a bloodstained altar of Trog.
  2434 | D:3      | Found a radiant altar of Vehumet.
  2441 | D:3      | Reached skill level 5 in Fighting
  2481 | D:3      | Became a worshipper of Vehumet
  2846 | D:3      | Reached skill level 5 in Poison Magic
  2968 | D:4      | Noticed a black bear
  2976 | D:4      | Killed a black bear
  2977 | D:4      | Reached XP level 7. HP: 46/67 MP: 0/11
  3082 | D:4      | Reached * piety under Vehumet
  3082 | D:4      | Offered knowledge of Flame Tongue by Vehumet.
  3093 | D:4      | Noticed Robin
  3099 | D:4      | Reached skill level 6 in Poison Magic
  3103 | D:4      | Killed Robin
  3351 | D:4      | Learned a level 1 spell: Flame Tongue
  3362 | D:4      | Reached skill level 7 in Poison Magic
  3362 | D:4      | Reached skill level 1 in Fire Magic
  3366 | D:4      | Learned a level 3 spell: Ignite Poison
  3436 | D:4      | Found a white marble altar of Elyvilon.
  3439 | D:4      | Found a snail-covered altar of Cheibriados.
  3443 | D:4      | Found a hazy altar of Hepliaklqana.
  3748 | D:5      | Entered Level 5 of the Dungeon
  3803 | D:5      | Noticed Pikel
  3811 | D:5      | Killed Pikel
  3812 | D:5      | Reached skill level 5 in Conjurations
  3812 | D:5      | Reached XP level 8. HP: 56/74 MP: 2/12
  3896 | D:5      | Learned a level 5 spell: Venom Bolt
  3930 | D:5      | Found an ancient bone altar of Kikubaaqudgha.
  3963 | D:5      | Noticed Grinder
  3983 | D:5      | Killed Grinder
  3984 | D:5      | Reached skill level 8 in Poison Magic
  4078 | D:5      | Reached XP level 9. HP: 82/82 MP: 3/13
  4264 | D:5      | Noticed Eustachio
  4272 | D:5      | Killed Eustachio
  4462 | D:5      | Found a glowing silver altar of Zin.
  4871 | D:6      | Found a staircase to the Ecumenical Temple.
  4930 | D:6      | Reached skill level 9 in Poison Magic
  4933 | D:6      | Noticed Edmund
  4963 | D:6      | Killed Edmund
  5018 | Temple   | Entered the Ecumenical Temple
  5426 | D:6      | Noticed Duvessa
  5454 | D:6      | Killed Duvessa
  5574 | D:6      | Got a polished helmet
  5609 | D:6      | Identified the +4 helmet of Nuedovurch {rCorr MP+9 Slay+2
                  | Stlth+} (You found it on level 6 of the Dungeon)
  5678 | D:6      | Got a buzzing hunting sling
  5702 | D:6      | Found a bloodstained altar of Trog.
  5801 | D:7      | Found a staircase to the Lair.
  5801 | D:7      | Noticed an elephant
  5812 | D:6      | Killed an elephant
  5813 | D:6      | Reached skill level 10 in Poison Magic
  5899 | D:7      | Reached skill level 5 in Spellcasting
  5932 | D:7      | Reached ** piety under Vehumet
  6013 | D:7      | Offered knowledge of Searing Ray by Vehumet.
  6014 | D:7      | Reached XP level 10. HP: 91/91 MP: 17/18
  6029 | D:7      | Learned a level 2 spell: Searing Ray
  6820 | D:8      | Found a staircase to the Orcish Mines.
  6834 | D:8      | Found Kufrock's Weapon Boutique.
  6835 | D:8      | Noticed Maurice
  6905 | D:8      | Killed Maurice
  7033 | D:8      | Offered knowledge of Mephitic Cloud by Vehumet.
  7061 | D:8      | Reached *** piety under Vehumet
  7239 | D:8      | Learned a level 3 spell: Mephitic Cloud
  7244 | D:8      | Learned a level 4 spell: Olgreb's Toxic Radiance
  7327 | D:8      | Noticed Psyche
  7331 | D:8      | Killed Psyche
  7332 | D:8      | Reached skill level 11 in Poison Magic
  7332 | D:8      | Reached XP level 11. HP: 97/97 MP: 22/23
  7505 | D:8      | Offered knowledge of Conjure Flame by Vehumet.
  7849 | D:9      | Reached skill level 12 in Poison Magic
  7852 | D:9      | Learned a level 2 spell: Ensorcelled Hibernation
  7901 | D:9      | Reached skill level 1 in Hexes
  8327 | D:9      | Noticed a centaur warrior
  8332 | D:9      | Reached **** piety under Vehumet
  8346 | D:9      | Killed a centaur warrior
  8574 | D:9      | Reached skill level 5 in Hexes
  8787 | D:9      | Found a glowing golden altar of the Shining One.
  8808 | D:9      | Offered knowledge of Iskenderun's Battlesphere by Vehumet.
  8893 | D:9      | Found a portal to a secret trove of treasure.
  9034 | D:9      | Found a hide-covered altar of Uskayaw.
  9189 | D:10     | Entered Level 10 of the Dungeon
  9219 | D:10     | Noticed a purple ugly thing
  9224 | D:10     | Killed a purple ugly thing
  9385 | D:10     | Noticed a tengu warrior
  9390 | D:10     | Killed a tengu warrior
  9456 | D:10     | Noticed Nergalle
  9465 | D:10     | Killed Nergalle
  9466 | D:10     | Reached skill level 10 in Spellcasting
  9466 | D:10     | Reached XP level 12. HP: 77/105 MP: 8/26
  9569 | D:10     | Identified the +11 dagger of the Warrior-Mage {speed, *Rage
                  | rPois Dex+6}
  9639 | D:10     | Found Nopit's Magic Scroll Emporium.
  9658 | D:10     | Bought a scroll of revelation for 60 gold pieces
  9658 | D:10     | Bought a scroll of blinking for 112 gold pieces
  9786 | D:10     | Reached skill level 13 in Poison Magic
  9845 | D:10     | Reached ***** piety under Vehumet
  9896 | D:10     | Offered knowledge of Fulminant Prism by Vehumet.
 10170 | D:11     | Found Kual Wuoso's Weapon Shop.
 10201 | D:11     | Reached skill level 10 in Conjurations
 10271 | D:11     | Noticed a two-headed ogre
 10275 | D:11     | Killed a two-headed ogre
 10330 | D:11     | Found a gate to the Vaults.
 10473 | D:11     | Found a transporter.
 10478 | D:11     | Identified the +8 battleaxe "Omuoxi" {elec, Str+5}
 10478 | D:11     | Noticed a tengu warrior
 10479 | D:11     | Found a transporter.
 10504 | D:11     | Found a bloodstained altar of Trog.
 10508 | D:11     | Noticed tronn's ghost (journeyman OpAc)
 10530 | D:11     | Noticed a two-headed ogre
 10535 | D:11     | Noticed a two-headed ogre
 10637 | D:11     | Noticed a tengu warrior
 10640 | D:11     | Noticed Frances
 10652 | D:11     | Killed a tengu warrior
 10683 | D:11     | Demolished by Frances

Skill      XL: |  1  2  3  4  5  6  7  8  9 10 11 12 |
---------------+-------------------------------------+-----
Spellcasting   | 3 5 8 10 | 10.0
Fighting       | 1 4 5 6 |  6.0
Air Magic      | 2 |  2.0
Poison Magic   | 5 7 8 10 11 12 13 | 13.0
Dodging        | 2 3 |  3.0
Fire Magic     | 2 |  2.0
Conjurations   | 5 7 8 9 10 | 10.0
Hexes          | 5 7 |  7.9
Stealth        | |  3.2

Action                   |  1- 3 |  4- 6 |  7- 9 | 10-12 || total
-------------------------+-------+-------+-------+-------++-------
Melee: Unarmed           |     5 |       |     7 |       ||    12
       Club              |     9 |       |       |       ||     9
       Dagger            |    40 |   154 |   192 |   341 ||   727
 Cast: Sting             |    33 |       |       |       ||    33
       Poisonous Vapours |    13 |    56 |    70 |    82 ||   221
       Flame Tongue      |       |       |    17 |    22 ||    39
       Venom Bolt        |       |       |     9 |    25 ||    34
       Ignite Poison     |       |       |     1 |    29 ||    30
       Searing Ray       |       |       |       |    12 ||    12
       Mephitic Cloud    |       |       |       |     9 ||     9
       Olgreb's Toxic Ra |       |       |       |     5 ||     5
       Ensorcelled Hiber |       |       |       |     4 ||     4
 Abil: Spit Poison       |    23 |    28 |    27 |    12 ||    90
Evoke: Wand              |       |       |     1 |       ||     1
  Use: Potion            |     1 |       |     5 |     3 ||     9
 Stab: Sleeping          |       |     3 |     1 |    12 ||    16
       Distracted        |       |       |     1 |     2 ||     3
       Confused          |       |       |       |     1 ||     1
  Eat: Chunk             |     3 |    12 |    14 |    25 ||    54
       Ration            |       |       |     1 |       ||     1
Armor: Robe              |     8 |    33 |    45 |    56 ||   142
       Skin              |       |       |     1 |       ||     1
       Troll leather arm |       |       |       |    53 ||    53
Dodge: Dodged            |    21 |    64 |   128 |   298 ||   511
